Cogmind - Beta 14 @@@ ROGUE MODE // 2025.03.30 @ 22:33:01 Player: shockman27 Result: Destroyed by S-10 Pest with Light Assault Rifle Performance ------------- Evolutions (0) 0 Regions Visited (2) 400 Robots Destroyed (22) 110 Value Destroyed (446) 446 Prototype IDs (2) 40 Alien Tech Used (0) 0 Bonus (0) 0 TOTAL SCORE: 996 Bonus ------- None Cogmind --------- Core Integrity 0/250 Matter 256/300 Energy 192/250 System Corruption 2% Temperature Cool (0) Movement Core (150) Ox2 Location -10/Mines Parts ------- > --- POWER (1) -------- Ion Engine > --- PROPULSION (2) --- (None) > --- UTILITY (2) ------ Targeting Computer > --- WEAPON (2) ------- Grenade Launcher > --- INVENTORY (5) ---- Light Nuclear Core Advanced Treads Targeting Computer Light Armor Plating Peak State ------------ > --- POWER ------------ Ion Engine > --- PROPULSION ------- Light Treads Light Treads > --- UTILITY ---------- High-capacity Storage Unit Targeting Computer > --- WEAPON ----------- Assault Rifle Hammer > --- INVENTORY -------- Ion Engine Ion Engine Light Nuclear Core Advanced Treads Improved Heat Sink Signal Interpreter Targeting Computer Light Armor Plating Light Armor Plating EM Pulse Gun EM Pulse Gun EM Pulse Gun Assault Rifle Grenade Launcher [Rating: 9] Favorites ----------- Power Ion Engine Engine Ion Engine Propulsion Light Treads Treads Light Treads Utility Targeting Computer Device Seismic Detector Storage High-capacity Storage Unit Processor Targeting Computer Weapon Assault Rifle Energy Gun EM Pulse Gun Ballistic Gun Assault Rifle Launcher Grenade Launcher Impact Weapon Hammer Build | -11 -10 -10 ------- Run | Yrd Mat Min Slots Evolved . | . . . Power . | . . . Propulsion . | . . . Utility . | . . . Weapon . | . . . Parts Attached 32 | 8 17 7 Power 5 | 1 2 2 Engine 5 | 1 2 2 Core . | . . . Reactor . | . . . Propulsion 2 | 2 . . Treads 2 | 2 . . Leg . | . . . Wheel . | . . . Hover . | . . . Flight . | . . . Utility 6 | 2 4 . Device 1 | 1 . . Storage 4 | 1 3 . Processor 1 | . 1 . Hackware . | . . . Protection . | . . . Artifact . | . . . Weapon 19 | 3 11 5 Energy Gun 5 | . 2 3 Energy Cannon . | . . . Ballistic Gun 8 | 3 4 1 Ballistic Cannon . | . . . Launcher 3 | . 2 1 Special Weapon . | . . . Impact Weapon 3 | . 3 . Slashing Weapon . | . . . Piercing Weapon . | . . . Special Melee Weapon . | . . . Unidentified Prototypes . | . . . Parts Lost 8 | . . 8 Power 2 | . . 2 Propulsion 1 | . . 1 Utility . | . . . Weapon 5 | . . 5 Highest Loss Streak 8 | . . 8 To Critical Strikes . | . . . Average Slot Usage (%) 99 | . 100 96 Engine 13 | . 14 13 Treads 27 | . 28 26 Device 2 | . 2 . Storage 14 | . 14 14 Processor 12 | . 11 14 Energy Gun 4 | . 4 1 Ballistic Gun 19 | . 20 13 Impact Weapon 4 | . 2 12 Peak Build Rating 9 | 7 8 9 Average Rating 7 | 5 7 7 On Entrance 5 | . 7 8 Naked Turns . | . . . Heaviest Build 49 | 15 49 49 Greatest Support 40 | 40 40 40 Greatest Overweight (x) 15 | . 1 15 Average Overweight (x) . | . . 1 Largest Inventory Capacity 20 | 8 20 20 Average Capacity 15 | 7 14 19 Most Carried 17 | 4 13 17 Average Carried 10 | 2 10 13 Final Capacity 20 | 8 20 5 Final Carried 13 | 4 13 4 Class Distribution -------------------- 100% | Mutant Dominant Class ---------------- Mutant | -10/Materials Mutant | -10/Mines Resources | -11 -10 -10 ----------- Run | Yrd Mat Min Matter Collected 786 | 236 474 76 Remotely . | . . . Salvage Created 759 | 16 684 59 Parts 41 | 2 39 . Haulers Intercepted 2 | . 2 . Recyclers Shooed 1 | . 1 . Parts Field Recycled . | . . . Retrieved Matter . | . . . Parts Self-Destructed . | . . . Prevented . | . . . Kills | -11 -10 -10 ------- Run | Yrd Mat Min Combat Hostiles Destroyed 12 | . 11 1 Guns 10 | . 9 1 AOE 2 | . 2 . Classes Destroyed 8 | 1 7 . Worker 2 | . 2 . Tunneler 1 | 1 . . Hauler 2 | . 2 . Recycler 1 | . 1 . Operator 1 | . 1 . Watcher 3 | . 3 . Swarmer 2 | . 2 . Grunt 9 | . 9 . Best Kill Streak 3 | 1 3 1 Combat Bots Only 3 | . 3 1 Max Kills in Single Turn 1 | 1 1 1 Gunslinging . | . . . Exploded 1 | . 1 . Melee . | . . . Uniques/NPCs Destroyed 1 | . . 1 YI-UF0 (-10/Mines) Combat | -11 -10 -10 -------- Run | Yrd Mat Min Hostile Shots Fired 82 | . 42 40 Missed 22 | . 8 14 Damage Taken 1100 | . 395 705 Core 252 | . 79 173 Absorbed by Shields . | . . . Core Remaining (%) 100 | 100 . . Volleys Fired 67 | 1 59 7 Largest 2 | 2 2 2 Hottest 60 | 40 60 60 Shots Fired 120 | 2 108 10 Gun 116 | 2 104 10 Cannon . | . . . Launcher 4 | . 4 . Special . | . . . Kinetic 80 | 2 75 3 Thermal . | . . . Explosive 4 | . 4 . Electromagnetic 36 | . 29 7 Robot Hit Streak 9 | 1 9 9 Robot Miss Streak 7 | 1 7 1 Penetration Max . | . . . Secondary Targets . | . . . Shots Hit Robots 78 | 1 68 9 Core Hits 33 | 1 30 2 Critical Kills 2 | . 2 . Critical Parts Destroyed . | . . . Critical Strikes 2 | . 2 . Destroy 2 | . 2 . Melee Attacks 16 | . 12 4 Impact 16 | . 12 4 Slashing . | . . . Piercing . | . . . Sneak Attacks 1 | . 1 . Combat Hostiles . | . . . Follow-up Attacks . | . . . Damage Inflicted 1386 | 12 1269 105 Guns 988 | 12 871 105 Cannons . | . . . Explosions 319 | . 319 . Melee 79 | . 79 . Ramming . | . . . Kinetic 654 | 12 602 40 Thermal . | . . . Explosive 319 | . 319 . Electromagnetic 334 | . 269 65 Impact 79 | . 79 . Slashing . | . . . Piercing . | . . . Highest Corruption 2 | . 1 2 Average Corruption 1 | . 1 1 Corruption Purged . | . . . Corruption Blocked . | . . . Effects 27 | . 22 5 Message Errors 6 | . 4 2 Matter Fused 8 | . 7 1 Heat Flow Errors 4 | . 4 . Energy Discharges 4 | . 3 1 Parts Rejected 1 | . . 1 Data Loss (minor) 1 | . 1 . Data Loss (major) 3 | . 3 . Overload Shots . | . . . Overflow Damage 52 | . 52 . Projectiles . | . . . Explosions 15 | . 15 . Melee 37 | . 37 . Knockbacks 1 | . 1 . Impact 1 | . 1 . Kinetic . | . . . Secondary . | . . . Self-Inflicted Damage . | . . . Shots . | . . . Rammed . | . . . Targets Rammed . | . . . Kicked . | . . . Crushed . | . . . Highest Temperature 257 | . 257 . Average Temperature 72 | . 72 . Received Heat Transfer 195 | . 195 . Siege Activations . | . . . Robots Corrupted 1 | . 1 . Combat Hostiles . | . . . Parts Fried 2 | . 2 . Impact Corruptions 2 | . 2 . Robots Melted . | . . . Combat Hostiles . | . . . Parts Melted . | . . . Heat Transferred . | . . . Parts Sabotaged . | . . . Parts Stolen . | . . . Parts Stripped . | . . . Power Chain Reactions . | . . . Alert | -11 -10 -10 ------- Run | Yrd Mat Min Peak Influence 149 | 5 149 1 Initial 3 | . 3 . Average 54 | 2 65 . Maximum Alert Level . | . . . Low Security (%) 100 | 100 100 100 Level 1 . | . . . Level 2 . | . . . Level 3 . | . . . Level 4 . | . . . Level 5 . | . . . High Security . | . . . Max Security . | . . . Squads Dispatched 4 | . 4 . Investigation 3 | . 3 . Extermination . | . . . Reinforcement 1 | . 1 . Assault . | . . . Garrison . | . . . Intercept . | . . . Searches Triggered . | . . . Construction Impeded . | . . . Haulers Reinforced . | . . . Active Scanning Responses . | . . . Cargo Convoy Interrupts . | . . . Stealth | -11 -10 -10 --------- Run | Yrd Mat Min Distress Signals 1 | . 1 . Communications Jammed . | . . . Distress Signals . | . . . Times Spotted 31 | . 27 4 Peak Tracking Total 5 | . 5 3 Tactical Retreats 1 | . 1 . Traps | -11 -10 -10 ------- Run | Yrd Mat Min Traps Triggered 1 | . 1 . Indirectly . | . . . Trap Hack Attempts . | . . . Triggered . | . . . Disarmed . | . . . Reprogrammed . | . . . Reused . | . . . Traps Extracted . | . . . Installed . | . . . Triggered . | . . . Machines | -11 -10 -10 ---------- Run | Yrd Mat Min Machines Disabled 1 | . 1 . Max in Single Turn 1 | . 1 . Machines Repaired . | . . . Machines Dismantled . | . . . Machines Sabotaged . | . . . Overloaded Fab Kills . | . . . Hacking | -11 -10 -10 --------- Run | Yrd Mat Min Machines Accessed 9 | . 8 1 Terminals 7 | . 7 . Fabricators . | . . . Repair Stations . | . . . Recycling Units 1 | . 1 . Scanalyzers . | . . . Garrison Access . | . . . Total Hacks 23 | . 22 1 Successful 10 | . 9 1 Failed 12 | . 12 . Catastrophic 1 | . 1 . Database Lockouts 1 | . 1 . Manual 13 | . 13 . Terminals 21 | . 21 . Fabricators . | . . . Repair Stations . | . . . Recycling Units 1 | . 1 . Scanalyzers . | . . . Garrison Access . | . . . Terminal Hacks 9 | . 8 1 Robot Analysis 2 | . 2 . Prototype ID Bank 1 | . 1 . Open Door 1 | . . 1 Locate Traps 2 | . 2 . Maintenance Status 1 | . 1 . Surveillance Status 1 | . 1 . Transport Status 1 | . 1 . Fabricator Hacks . | . . . Repair Station Hacks . | . . . Recycling Unit Hacks 1 | . 1 . Report Inventory 1 | . 1 . Scanalyzer . | . . . Garrison Access Hacks . | . . . Unauthorized Hacks . | . . . Terminals . | . . . Fabricators . | . . . Repair Stations . | . . . Recycling Units . | . . . Scanalyzers . | . . . Garrison Access . | . . . Data Cores Recovered . | . . . Used . | . . . Hacking Detections 8 | . 8 . Full Trace Events 2 | . 2 . Feedback Events 1 | . 1 . Corruption 1 | . 1 . Feedback Blocked . | . . . Robot Schematics Acquired . | . . . Robots Built . | . . . Authchips . | . . . Time . | . . . Total Robot Build Rating . | . . . Part Schematics Acquired . | . . . Parts Built . | . . . Authchips . | . . . Time . | . . . Total Part Build Rating . | . . . Parts Repaired . | . . . Time . | . . . Parts Recycled . | . . . Recycled Matter . | . . . Retrieved Matter . | . . . Retrieved Components . | . . . Parts Scanalyzed . | . . . Part Schematics Acquired . | . . . Parts Damaged . | . . . Bothacking | -11 -10 -10 ------------ Run | Yrd Mat Min Used RIF Installer . | . . . Robots Hacked . | . . . Non-combat . | . . . Combat . | . . . Robot Hacks Applied . | . . . Relay Couplers Released . | . . . Fabnet Peak Effective % . | . . . Robots Rewired . | . . . Allies Hacked . | . . . Hacks Repelled . | . . . Allies | -11 -10 -10 -------- Run | Yrd Mat Min Total Allies . | . . . Largest Group . | . . . Highest-Rated Group . | . . . Highest-Rated Ally . | . . . Total Orders . | . . . Ally Attacks . | . . . Total Damage . | . . . Kills . | . . . Allies Corrupted . | . . . Allies Melted . | . . . Intel | -11 -10 -10 ------- Run | Yrd Mat Min Robot Analysis Total 2 | . 2 . Derelict Logs Recovered 1 | . . 1 Drone Launches . | . . . Drone Recoveries . | . . . Exploration | -11 -10 -10 ------------- Run | Yrd Mat Min Turns Passed 3498 | 138 2866 494 Spaces Moved 1497 | 79 1240 178 Core 9 | 6 . 3 Treads 1488 | 73 1240 175 Legs . | . . . Wheels . | . . . Hover . | . . . Flight . | . . . Fastest Speed 50 | 50 160 100 Average Speed 199 | 151 196 245 Slowest Speed 800 | 160 240 800 Overloaded Moves . | . . . Propulsion Burnouts . | . . . Robots Hopped . | . . . Cave-ins Triggered . | . . . Exploration Rate (%) 46 | 4 98 37 Regions Visited 2 Branch Regions 1 Pre-discovered Areas 1 | . . 1 Known Exits Taken . | . . . Unknown Exits Taken 2 | 1 1 . Scrap Searched 2 | . . 2 Spaces Dug 9 | . 8 1 Terrain Destroyed 24 | . 23 1 Melee 9 | . 8 1 Projectile . | . . . AOE 15 | . 15 . Terrain Rammed . | . . . Walls Destroyed . | . . . Machines Disabled . | . . . Actions | -11 -10 -10 --------- Run | Yrd Mat Min Total 1855 | 91 1545 219 Wait 210 | 1 192 17 Move 1495 | 78 1239 178 Hop . | . . . Pick Up 22 | 3 15 4 Fast Attach 8 | 7 . 1 Attach 5 | . . 5 Detach . | . . . Swap 19 | 1 17 1 Drop 13 | . 11 2 Fire 67 | 1 59 7 Melee 16 | . 12 4 Ram . | . . . Kick . | . . . Crush . | . . . Escape Stasis . | . . . Rewire . | . . . Trap . | . . . Miscellaneous . | . . . Route ------- -11/Scrapyard -10/Materials (discovered 5 exits: [*Mat x3] / *Min / [*Sub]) -10/Mines (discovered 1 exit: [*Mat]) History --------- Turn | Location | Event 16 | -11/Scrapyard | Discovered new exit (range 15) 139 | -11/Scrapyard | Entered Materials 311 | -10/Materials | Build established: Mutant 834 | -10/Materials | Discovered new exit (range 13) 1027 | -10/Materials | Central database locked down 1270 | -10/Materials | Discovered new exit (range 11) 1461 | -10/Materials | Discovered new exit (range 15) 1882 | -10/Materials | Discovered new exit (range 16) 2433 | -10/Materials | Discovered new exit (range 12) 3005 | -10/Materials | Entered Mines 3386 | -10/Mines | Learned location of Mines (-9) 3389 | -10/Mines | Met a Derelict who couldn't figure out how to use a Trap Extractor 3460 | -10/Mines | Core integrity fell below 50% 3476 | -10/Mines | Core integrity fell below 20% 3478 | -10/Mines | Discovered new exit (range 12) 3479 | -10/Mines | Destroyed YI-UF0 3499 | -10/Mines | Destroyed by S-10 Pest with Light Assault Rifle Last Messages --------------- 03458_ The unstable cave ceiling collapses. 03459_ Assault Rifle destroyed. 03459_ Ion Engine destroyed. 03460_ The unstable cave ceiling collapses. 03465_ System corrupted: Lgt. Treads rejected. 03465_ EM Pulse Gun destroyed. 03468_ The unstable cave ceiling collapses. 03469_ Assault Rifle destroyed. 03469_ Ion Engine destroyed. 03475_ EM Pulse Gun destroyed. 03477_ The unstable cave ceiling collapses. 03478_ EXIT=FOUND 03479_ YI-UF0 destroyed. 03481_ The unstable cave ceiling collapses. 03488_ K-01 Serf collects debris. 03491_ EM Pulse Gun destroyed. 03491_ K-01 Serf collects debris. 03497_ Dropped Hcp. Storage Unit. 03498_ Dropped Corrupted Unknown Device. 03499_ Acquired Grenade Launcher. Map ----- +----------------------------------------------------+ | ?????????????????????????????????????????????????? | | ?????????????????????????????????????????????????? | | ?????????????????????????????????????????????????? | | ?????????????????????????????????????????????????? | | ?????????????????????????????????????????????????? | | ?????????????????????????????????????????????????? | | ?????????????????????????????????????????????????? | | ?????????????????????????????????????????????????? | | ???????????????????????????# ????????????????????? | | ???????????????????????#### ????????????????????? | | ??????????????????????##! ????????????????????? | | ??????????????????????# ????????????????????? | | ??????????????????????#